TOP OF THE 1ST |
Greenville Drive batting - Pitching for Hickory Crawdads : RHP Jeff Kidd
|
Pitching: RHP Jeff Kidd
|
|
Batting: RHB Andy Garvin
|
0-0: Called Strike 0-1: Ball 1-1: Swinging Strike 1-2: Ball 2-2: Ball 3-2: Fly out, F8 (Flyball, 8LD, EV 91.2 MPH)
|
Batting: RHB Sal Rivera
|
0-0: Ball 1-0: Ball 2-0: Called Strike 2-1: Fly out, F7 (Flyball, 7D, EV 95.6 MPH)
|
Batting: LHB Carlos Guerra
|
0-0: Called Strike 0-1: Swinging Strike 0-2: Ball 1-2: Strikes out swinging
|
Top of the 1st over - 0 runs, 0 hits, 0 errors, 0 left on base; Greenville 0 - Hickory 0 |
BOTTOM OF THE 1ST |
Hickory Crawdads batting - Pitching for Greenville Drive : LHP Josh Turner
|
Pitching: LHP Josh Turner
|
|
Batting: RHB Orlando Melchor
|
0-0: Ball 1-0: Ball 2-0: Ball 3-0: Base on Balls
|
Batting: SHB David Simpson
|
0-0: Called Strike 0-1: Ball 1-1: Fielders Choice at 2nd, 5-4 (Groundball, 25, EV 83.1 MPH)
|
Batting: RHB Reilly Hawkins
|
0-0: Called Strike 0-1: Called Strike 0-2: Fielders Choice at 2nd, 4-6 (Groundball, 4, EV 90.6 MPH)
|
Batting: RHB Chance Lamb
|
0-0: Ball 1-0: Called Strike 1-1: Foul Ball, location: 2F 1-2: Ball 2-2: Ground out 6-3 (Groundball, 6S, EV 64.4 MPH)
|
Bottom of the 1st over - 0 runs, 0 hits, 0 errors, 1 left on base; Greenville 0 - Hickory 0 |
TOP OF THE 2ND |
Greenville Drive batting - Pitching for Hickory Crawdads : RHP Jeff Kidd
|
Batting: RHB Travis Campbell
|
0-0: Ground out U3 (Groundball, 34S, EV 90.0 MPH)
|
Batting: LHB Danny Montoya
|
0-0: Ground out U3 (Groundball, 34S, EV 80.0 MPH)
|
Batting: RHB Adugna Chandu
|
0-0: Called Strike 0-1: Ball 1-1: Ball 2-1: Called Strike 2-2: Strikes out swinging
|
Top of the 2nd over - 0 runs, 0 hits, 0 errors, 0 left on base; Greenville 0 - Hickory 0 |
BOTTOM OF THE 2ND |
Hickory Crawdads batting - Pitching for Greenville Drive : LHP Josh Turner
|
Batting: RHB Stephen Charbonneau
|
0-0: Swinging Strike 0-1: Ball 1-1: SOLO HOME RUN (Line Drive, 9D, EV 100.6 MPH), Distance : 395 ft
|
Batting: RHB Scott King
|
0-0: Ball 1-0: Ball 2-0: Ball 3-0: Called Strike 3-1: Foul Ball, location: 2F 3-2: Base on Balls
|
Batting: RHB Sergio Godinez
|
0-0: Ball Wild Pitch! Scott King to second 1-0: Ground out 6-3 (Groundball, 6S, EV 69.4 MPH) Scott King to third
|
Batting: RHB Isaiah Yarbrough
|
0-0: Ball 1-0: Called Strike 1-1: Ball 2-1: Foul Ball, location: 2F 2-2: 2-RUN HOME RUN (Flyball, 7LD, EV 95.6 MPH), Distance : 355 ft
|
Batting: LHB Jose Baez
|
0-0: Ball 1-0: Fly out, F5 (Popup, 25F, EV 90.6 MPH)
|
Batting: RHB Orlando Melchor
|
0-0: DOUBLE (Line Drive, 7LS, EV 92.5 MPH)
|
Batting: SHB David Simpson
|
0-0: Ball 1-0: Ball 2-0: Called Strike 2-1: Ball 3-1: Ground out 6-3 (Groundball, 6, EV 85.6 MPH)
|
Bottom of the 2nd over - 3 runs, 3 hits, 0 errors, 1 left on base; Greenville 0 - Hickory 3 |
TOP OF THE 3RD |
Greenville Drive batting - Pitching for Hickory Crawdads : RHP Jeff Kidd
|
Batting: RHB Alex Melendez
|
0-0: Called Strike 0-1: Fly out, F7 (Flyball, 7LD, EV 90.6 MPH)
|
Batting: RHB Joe Sandoval
|
0-0: Ground out 6-3 (Groundball, 4MS, EV 78.1 MPH)
|
Batting: RHB Miguel Villanueva
|
0-0: Swinging Strike 0-1: Foul Ball, location: 2F 0-2: Strikes out looking
|
Top of the 3rd over - 0 runs, 0 hits, 0 errors, 0 left on base; Greenville 0 - Hickory 3 |
BOTTOM OF THE 3RD |
Hickory Crawdads batting - Pitching for Greenville Drive : LHP Josh Turner
|
Batting: RHB Reilly Hawkins
|
0-0: Foul Ball, location: 2F 0-1: Foul Ball, location: 2F 0-2: Ball 1-2: Foul Ball, location: 2F 1-2: Ball 2-2: Ball 3-2: SINGLE (Groundball, 6M, EV 100.0 MPH) (infield hit)
|
Batting: RHB Chance Lamb
|
0-0: Ball Reilly Hawkins is caught stealing 2nd base 2-4 1-0: Called Strike 1-1: Ball 2-1: Foul Ball, location: 2F 2-2: Foul Ball, location: 2F 2-2: Foul Ball, location: 2F 2-2: Foul Ball, location: 2F 2-2: Hit by Pitch
|
Batting: RHB Stephen Charbonneau
|
0-0: Ball 1-0: Fly out, F7 (Flyball, 7, EV 83.1 MPH)
|
Batting: RHB Scott King
|
0-0: Ball 1-0: Ball 2-0: Swinging Strike 2-1: Ball 3-1: Called Strike 3-2: Foul Ball, location: 2F 3-2: Strikes out looking
|
Bottom of the 3rd over - 0 runs, 1 hit, 0 errors, 1 left on base; Greenville 0 - Hickory 3 |
TOP OF THE 4TH |
Greenville Drive batting - Pitching for Hickory Crawdads : RHP Jeff Kidd
|
Batting: RHB Andy Garvin
|
0-0: Ball 1-0: Foul Ball, location: 2F 1-1: Foul Ball, location: 2F 1-2: Strikes out swinging
|
Batting: RHB Sal Rivera
|
0-0: Swinging Strike 0-1: Foul Ball, location: 2F 0-2: Ball 1-2: Foul Ball, location: 2F 1-2: Ball 2-2: Strikes out swinging
|
Batting: LHB Carlos Guerra
|
0-0: Ball 1-0: Swinging Strike 1-1: DOUBLE (Line Drive, 7LS, EV 102.5 MPH)
|
Batting: RHB Travis Campbell
|
0-0: Ground out 5-3 (Groundball, 5, EV 83.8 MPH)
|
Top of the 4th over - 0 runs, 1 hit, 0 errors, 1 left on base; Greenville 0 - Hickory 3 |
BOTTOM OF THE 4TH |
Hickory Crawdads batting - Pitching for Greenville Drive : LHP Josh Turner
|
Batting: RHB Sergio Godinez
|
0-0: Swinging Strike 0-1: Swinging Strike 0-2: Strikes out looking
|
Batting: RHB Isaiah Yarbrough
|
0-0: Called Strike 0-1: Called Strike 0-2: Ball 1-2: Fly out, F9 (Flyball, 9D, EV 93.1 MPH)
|
Batting: LHB Jose Baez
|
0-0: Foul Ball, location: 2F 0-1: Ground out 6-3 (Groundball, 6MS, EV 91.2 MPH)
|
Bottom of the 4th over - 0 runs, 0 hits, 0 errors, 0 left on base; Greenville 0 - Hickory 3 |
TOP OF THE 5TH |
Greenville Drive batting - Pitching for Hickory Crawdads : RHP Jeff Kidd
|
Batting: LHB Danny Montoya
|
0-0: Ground out 3-1 (Groundball, 13, EV 83.8 MPH)
|
Batting: RHB Adugna Chandu
|
0-0: Called Strike 0-1: Foul Ball, location: 2F 0-2: Ball 1-2: Ball 2-2: Ball 3-2: Base on Balls
|
Batting: RHB Alex Melendez
|
0-0: Called Strike 0-1: Swinging Strike 0-2: Fly out, F7 (Flyball, 7, EV 97.5 MPH)
|
Batting: RHB Joe Sandoval
|
0-0: Fly out, F7 (Flyball, 7LSF, EV 83.1 MPH)
|
Top of the 5th over - 0 runs, 0 hits, 0 errors, 1 left on base; Greenville 0 - Hickory 3 |
BOTTOM OF THE 5TH |
Hickory Crawdads batting - Pitching for Greenville Drive : LHP Josh Turner
|
Batting: RHB Orlando Melchor
|
0-0: Swinging Strike 0-1: Foul Ball, location: 2F 0-2: Ball 1-2: DOUBLE (Line Drive, 7LD, EV 101.9 MPH)
|
Batting: SHB David Simpson
|
0-0: Called Strike 0-1: Ball 1-1: Called Strike 1-2: Foul Ball, location: 2F 1-2: Ball 2-2: Ball 3-2: SINGLE (Groundball, 4S, EV 67.5 MPH) (infield hit) Orlando Melchor to third
|
Batting: RHB Reilly Hawkins
|
0-0: TRIPLE (Flyball, 89XD, EV 92.5 MPH) Orlando Melchor scores David Simpson scores
|
Pitching: RHP Nherbert Silivan
|
|
Batting: RHB Chance Lamb
|
0-0: Ball 1-0: Called Strike 1-1: Foul Ball, location: 2F 1-2: Ball 2-2: Strikes out swinging
|
Batting: RHB Stephen Charbonneau
|
0-0: Called Strike 0-1: Ball 1-1: Called Strike 1-2: SINGLE (Line Drive, 7S, EV 91.9 MPH) Reilly Hawkins scores
|
Batting: RHB Scott King
|
0-0: Called Strike 0-1: Ball 1-1: Ball 2-1: Ball 3-1: Swinging Strike 3-2: Foul Ball, location: 2F 3-2: Base on Balls Stephen Charbonneau to second
|
Batting: RHB Sergio Godinez
|
0-0: Ball 1-0: Called Strike 1-1: Fly out, F7 (Flyball, 78S, EV 82.5 MPH)
|
Batting: RHB Isaiah Yarbrough
|
0-0: Ball 1-0: Called Strike 1-1: Fly out, F7 (Flyball, 7LS, EV 88.8 MPH)
|
Bottom of the 5th over - 3 runs, 4 hits, 0 errors, 2 left on base; Greenville 0 - Hickory 6 |
TOP OF THE 6TH |
Greenville Drive batting - Pitching for Hickory Crawdads : RHP Jeff Kidd
|
Batting: RHB Miguel Villanueva
|
0-0: Called Strike 0-1: Called Strike 0-2: Strikes out swinging
|
Batting: RHB Andy Garvin
|
0-0: Called Strike 0-1: Ball 1-1: Ball 2-1: Swinging Strike 2-2: Strikes out swinging
|
Batting: RHB Sal Rivera
|
0-0: Swinging Strike 0-1: Foul Ball, location: 2F 0-2: Foul Ball, location: 2F 0-2: DOUBLE (Line Drive, 8RXD, EV 106.2 MPH)
|
Batting: LHB Carlos Guerra
|
0-0: Ball 1-0: Called Strike 1-1: Foul Ball, location: 2F 1-2: Strikes out swinging
|
Top of the 6th over - 0 runs, 1 hit, 0 errors, 1 left on base; Greenville 0 - Hickory 6 |
BOTTOM OF THE 6TH |
Hickory Crawdads batting - Pitching for Greenville Drive : RHP Nherbert Silivan
|
Batting: LHB Jose Baez
|
0-0: Called Strike 0-1: Foul Ball, location: 2F 0-2: Foul Ball, location: 2F 0-2: Ball 1-2: Foul Ball, location: 2F 1-2: Ball 2-2: Fly out, F5 (Popup, 5F, EV 66.9 MPH)
|
Batting: RHB Orlando Melchor
|
0-0: Ball 1-0: Called Strike 1-1: Swinging Strike 1-2: Fly out, F9 (Flyball, 9S, EV 93.8 MPH)
|
Batting: SHB David Simpson
|
0-0: Ball 1-0: Ball 2-0: Ball 3-0: Base on Balls
|
Batting: RHB Reilly Hawkins
|
0-0: Ground out 4-3 (Groundball, 4S, EV 67.5 MPH)
|
Bottom of the 6th over - 0 runs, 0 hits, 0 errors, 1 left on base; Greenville 0 - Hickory 6 |
TOP OF THE 7TH |
Greenville Drive batting - Pitching for Hickory Crawdads : RHP Jeff Kidd
|
Batting: RHB Travis Campbell
|
0-0: Ball 1-0: Ground out 1-3 (Groundball, 13, EV 70.0 MPH)
|
Batting: LHB Danny Montoya
|
0-0: Called Strike 0-1: Ground out 5-3 (Groundball, 6, EV 102.5 MPH)
|
Batting: RHB Adugna Chandu
|
0-0: Swinging Strike 0-1: Swinging Strike 0-2: Ball 1-2: Ball 2-2: Ball 3-2: Base on Balls
|
Batting: RHB Alex Melendez
|
0-0: Called Strike 0-1: Ground out 4-3 (Groundball, 34, EV 81.9 MPH)
|
Top of the 7th over - 0 runs, 0 hits, 0 errors, 1 left on base; Greenville 0 - Hickory 6 |
BOTTOM OF THE 7TH |
Hickory Crawdads batting - Pitching for Greenville Drive : RHP Nherbert Silivan
|
Batting: RHB Chance Lamb
|
0-0: Ball 1-0: Called Strike 1-1: Swinging Strike 1-2: Strikes out looking
|
Batting: RHB Stephen Charbonneau
|
0-0: Swinging Strike 0-1: Ball 1-1: Ball 2-1: Called Strike 2-2: Ball 3-2: Foul Ball, location: 2F 3-2: Base on Balls
|
Pitching: LHP Jason Salzer
|
|
Batting: RHB Scott King
|
0-0: Swinging Strike 0-1: Called Strike 0-2: Ball 1-2: Ball 2-2: Strikes out looking
|
Batting: RHB Sergio Godinez
|
0-0: Ball 1-0: Ball Stephen Charbonneau steals 2nd base 2-0: Ball 3-0: Base on Balls
|
Batting: RHB Isaiah Yarbrough
|
0-0: Foul Ball, location: 2F 0-1: SINGLE (Flyball, 5D, EV 91.9 MPH) Stephen Charbonneau to third Sergio Godinez to second Runner from 3rd tries for Home, SAFE, throw by LF to home
|
Batting: LHB Jose Baez
|
0-0: Swinging Strike 0-1: SINGLE (Groundball, 56D, EV 101.9 MPH) Sergio Godinez to third Isaiah Yarbrough to second Runner from 3rd tries for Home, SAFE, throw by LF to home
|
Batting: RHB Orlando Melchor
|
0-0: Ball 1-0: Ball 2-0: Swinging Strike 2-1: Called Strike 2-2: Ball 3-2: Strikes out looking
|
Bottom of the 7th over - 2 runs, 2 hits, 0 errors, 2 left on base; Greenville 0 - Hickory 8 |
TOP OF THE 8TH |
Greenville Drive batting - Pitching for Hickory Crawdads : RHP Jeff Kidd
|
Batting: RHB Joe Sandoval
|
0-0: Called Strike 0-1: Ball 1-1: Ball 2-1: Ball 3-1: Called Strike 3-2: Base on Balls
|
Batting: RHB Miguel Villanueva
|
0-0: Called Strike 0-1: Swinging Strike 0-2: Ground out 5-3 (Groundball, 56S, EV 66.2 MPH) Joe Sandoval to second
|
Pinch Hitting: RHB Victor Orozco
|
0-0: Called Strike 0-1: Ball 1-1: Ground out 6-3 (Groundball, 56, EV 82.5 MPH)
|
Batting: RHB Sal Rivera
|
0-0: Called Strike 0-1: Ground out 6-3 (Groundball, 6MD, EV 78.1 MPH)
|
Top of the 8th over - 0 runs, 0 hits, 0 errors, 1 left on base; Greenville 0 - Hickory 8 |
BOTTOM OF THE 8TH |
Hickory Crawdads batting - Pitching for Greenville Drive : LHP Jason Salzer
|
Now at 1B: Travis Campbell
|
|
Now at 3B: Victor Orozco
|
|
Batting: SHB David Simpson
|
0-0: Ground out 6-3 (Groundball, 6, EV 83.1 MPH)
|
Batting: RHB Reilly Hawkins
|
0-0: Fly out, F8 (Flyball, 8LXD, EV 87.5 MPH)
|
Batting: RHB Chance Lamb
|
0-0: Ball 1-0: Foul Ball, location: 2F 1-1: Swinging Strike 1-2: Ball 2-2: Strikes out swinging
|
Bottom of the 8th over - 0 runs, 0 hits, 0 errors, 0 left on base; Greenville 0 - Hickory 8 |
TOP OF THE 9TH |
Greenville Drive batting - Pitching for Hickory Crawdads : RHP Jeff Kidd
|
Batting: LHB Carlos Guerra
|
0-0: Ball 1-0: Swinging Strike 1-1: Foul Ball, location: 2F 1-2: Ball 2-2: Ball 3-2: Fly out, F8 (Line Drive, 8RD, EV 96.2 MPH)
|
Batting: RHB Travis Campbell
|
0-0: Swinging Strike 0-1: Ground out 4-3 (Groundball, 4, EV 83.1 MPH)
|
Batting: LHB Danny Montoya
|
0-0: Called Strike 0-1: Ball 1-1: Ball 2-1: Foul Ball, location: 2F 2-2: Ball 3-2: Ground out 4-3 (Groundball, 4, EV 88.8 MPH)
|
Top of the 9th over - 0 runs, 0 hits, 0 errors, 0 left on base; Greenville 0 - Hickory 8 |
|